Map: Junção Kairos LE

Players

MetalHead - Winner!

  • Race: Protoss Protoss
  • Spawn Location: 5:00

Vicster

  • Race: Terran Terran
  • League: Gold
  • Spawn Location: 11:00

VOD

Have the link to the VOD?

Description

Time

  • Played on: Jan. 8, 2019, 12:47 p.m.
  • Length: 5:22
Show
View Real Time Build Order
Export as new Build Order

MetalHead Protoss - Winner!

Build Orders: Blink Stalkers 

Get SALT Encoding   

  12  0:01  Probe  
  13  0:13  Probe  
  14  0:19  Pylon  
  14  0:25  Probe  
  15  0:34  Probe  
  15  0:39  Assimilator  
  16  0:44  Probe  
  16  0:46  Gateway  
  17  0:55  Probe  
  18  1:02  Assimilator  
  18  1:07  Probe  
  19  1:19  Probe  
  19  1:20  Gateway  
  20  1:32  Probe  
  21  1:40  Probe  
  21  1:44  Cybernetics Core  
  23  2:04  Pylon  
  22  2:22  Adept x2, Twilight Council  
  26  2:23  Warp Gate  
  26  2:29  Blink  
  26  2:49  Stalker  
  26  2:50  Nexus  
  28  3:07  Stalker  
  30  3:45  Pylon  
  30  3:58  Probe  
  30  4:01  Stalker x2  
  35  4:10  Gateway  
  35  4:19  Probe  
  36  4:24  Robotics Facility  
  36  4:29  Pylon  
  36  4:38  Probe  
  37  4:41  Stalker x2  
  37  4:44  Probe  
  40  4:53  Probe  
  41  5:06  Stalker x2  
  43  5:17  Stalker  
Show
View Real Time Build Order
Export as new Build Order

Vicster Terran 

Build Orders:  

Get SALT Encoding   

  12  0:01  SCV  
  13  0:13  SCV  
  14  0:23  Supply Depot  
  14  0:25  SCV  
  15  0:45  SCV  
  15  0:47  Barracks  
  16  0:50  Refinery  
  16  0:57  SCV  
  17  1:10  SCV  
  18  1:22  SCV  
  19  1:34  Orbital Command  
  19  1:44  Command Center  
  19  1:52  Factory  
  19  1:54  Marine  
  19  2:00  SCV  
  21  2:13  SCV  
  22  2:16  Barracks Reactor  
  22  2:23  Supply Depot  
  22  2:25  SCV  
  23  2:45  SCV  
  23  2:50  Refinery  
  24  2:55  Orbital Command  
  24  2:57  SCV  
  25  3:09  SCV  
  26  3:16  Bunker  
  26  3:21  SCV  
  23  3:46  Command Center  
  23  3:47  Hellion x2  
  26  4:06  Supply Depot  
  26  4:07  Marine  
  26  4:08  SCV  
  23  4:24  Marine  
  23  4:25  Hellion x2  
  26  4:37  SCV  
  27  4:42  Marine  
  27  4:43  SCV  
  29  4:46  Hellion  
  31  4:55  SCV  
  30  5:00  Marine  
Tags
 
Composition
Blink Stalkers
League
Gold
Matchup
PvT
Replay Pack
Vicster replay
Spawn Locations
Cross Positions
Add a new tag
Caveats
  • Supply blocks, unpowered buildings, or Contaminate may cause inaccurate times.
  • Supply counts are checked every 10 seconds.